 Dungeon Crawl Stone Soup version 0.24-a0-582-g4d4af81 (webtiles) character file.

Game seed: 10422062639966818784

187823 Dorkslayer the Severer (level 17, -1/173 HPs)
             Began as a Minotaur Fighter on Aug 26, 2019.
             Was the Champion of the Shining One.
             Slain by a shock serpent (10 damage)
             ... on level 4 of the Snake Pit on Aug 27, 2019.
             The game lasted 02:37:18 (27507 turns).

Dorkslayer the Severer (Minotaur Fighter)          Turns: 27507, Time: 02:37:19

Health: -1/173     AC: 26    Str: 26    XL:     17   Next: 89%
Magic:  25/25      EV:  6    Int:  8    God:    the Shining One [******]
Gold:   1432       SH: 25    Dex: 19    Spells: 16/16 levels left

rFire    + . .     SeeInvis .   E - +8 broad axe (holy)
rCold    + . .     Gourm    .   S - +10 shield of Itraz {rC+}
rNeg     + + +     Faith    .   T - +3 plate armour {rF+}
rPois    +         Spirit   .   (helmet restricted)
rElec    .         Reflect  .   s - +0 cloak (curse)
rCorr    .         Harm     .   K - +2 pair of gloves
MR       +++..                  m - +0 pair of boots {Stlth+}
Stlth    ..........             D - amulet of the acrobat
HPRegen  0.38/turn              q - ring of the Mage {Wiz MR++ Int+3}
MPRegen  0.19/turn              J - ring "Laak" {rPois Dex+5}

@: about to teleport, very slightly contaminated, glowing, constricted
A: retaliatory headbutt, horns 2, thin skeletal structure 1, robust 1, subdued
magic 1
a: Divine Shield, Cleansing Flame, Summon Divine Warrior, Renounce Religion


You were on level 4 of the Snake Pit.
You worshipped the Shining One.
The Shining One was exalted by your worship.
You were not hungry.

You visited 4 branches of the dungeon, and saw 27 of its levels.
You also visited: Sewer and Ice Cave.

You collected 2719 gold pieces.
You spent 1287 gold pieces at shops.

Inventory:

Hand Weapons
 k - a +3 scimitar of flaming
 y - a +0 broad axe of chopping
 E - a +8 broad axe of holy wrath (weapon)
Missiles
 o - 24 javelins
 u - 28 boomerangs (quivered)
Armour
 m - a +0 pair of boots of stealth (worn)
 n - a +0 plate armour of magic resistance
 s - a cursed +0 cloak (worn)
 K - a +2 pair of gloves (worn)
 S - the +10 shield of Itraz (worn) {rC+}
   (You acquired it on level 4 of the Lair of Beasts)

   It protects you from cold.
 T - a +3 plate armour of fire resistance (worn)
Jewellery
 q - the ring of the Mage (left hand) {Wiz MR++ Int+3}
   (You found it on level 6 of the Lair of Beasts)

   [ring of wizardry]

   It improves your spell success rate.
   It affects your intelligence (+3).
   It affects your resistance to hostile enchantments.
 D - an amulet of the acrobat (around neck)
 I - an uncursed ring of protection from fire
 J - the ring "Laak" (right hand) {rPois Dex+5}
   (You found it on level 8 of the Dungeon)

   [ring of poison resistance]

   It affects your dexterity (+5).
   It protects you from poison.
 V - a +4 ring of strength
Wands
 b - a wand of digging (1)
 t - a wand of disintegration (1)
 v - a wand of acid (5)
 O - a wand of polymorph (4)
 P - a wand of iceblast (3)
 Q - a wand of flame (32)
Scrolls
 a - 3 scrolls of immolation
 r - 7 scrolls of teleportation
 w - 7 scrolls of identify
 z - 4 scrolls of fog
 A - 10 scrolls of remove curse
 C - 6 scrolls of magic mapping
 G - 5 scrolls of fear
 N - 6 scrolls of enchant armour
Potions
 d - a potion of might
 e - 10 potions of curing
 g - 4 potions of mutation
 h - a potion of magic
 i - 3 potions of agility
 j - 6 potions of flight
 l - 3 potions of haste
 p - 2 potions of ambrosia
 F - 2 potions of resistance
 M - 3 potions of cancellation
Miscellaneous
 B - a lamp of fire
 H - a phial of floods (inert)
 L - a lightning rod (2/4)
Comestibles
 c - 2 chunks of flesh
 f - 38 rations


   Skills:
 * Level 15.8 Fighting
 + Level 3.6 Long Blades
 + Level 18.3 Axes
 + Level 5.2 Throwing
 * Level 13.6 Armour
 + Level 2.1 Dodging
 * Level 16.0 Shields
 * Level 12.4 Invocations
 * Level 11.7 Evocations


You had 16 spell levels left.
You didn't know any spells.
Your spell library contained the following spells:

 Spells                   Type           Power        Failure   Level  Hunger
 Animate Skeleton         Necr           N/A          71%         1    ##.....
 Beastly Appendage        Tmut           #.....       71%         1    ##.....
 Confusing Touch          Hex            #.....       71%         1    ##.....
 Corona                   Hex            #......      71%         1    ##.....
 Flame Tongue             Conj/Fire      #....        71%         1    ##.....
 Magic Dart               Conj           #...         71%         1    ##.....
 Pain                     Necr           #...         71%         1    ##.....
 Summon Small Mammal      Summ           #...         71%         1    ##.....
 Blink                    Tloc           N/A          85%         2    ###....
 Call Imp                 Summ           #.......     85%         2    ###....
 Poisonous Vapours        Pois/Air       #.....       85%         2    ###....
 Slow                     Hex            #.......     85%         2    ###....
 Sticks to Snakes         Tmut           #.......     85%         2    ###....
 Throw Flame              Conj/Fire      #.....       85%         2    ###....
 Call Canine Familiar     Summ           #.......     97%         3    ####...
 Confuse                  Hex            #.......     97%         3    ####...
 Conjure Flame            Conj/Fire      #.......     97%         3    ####...
 Gell's Gravitas          Tloc           #.........   97%         3    ####...
 Inner Flame              Hex/Fire       #.......     97%         3    ####...
 Mephitic Cloud           Conj/Pois/Air  #.......     97%         3    ####...
 Portal Projectile        Hex/Tloc       #.....       97%         3    ####...
 Spider Form              Tmut/Pois      #.........   97%         3    ####...
 Summon Guardian Golem    Hex/Summ       #.......     97%         3    ####...
 Cause Fear               Hex            #.........   100%        4    #####..
 Ice Form                 Ice/Tmut       #.......     100%        4    #####..
 Leda's Liquefaction      Hex/Erth       #.........   100%        4    #####..
 Petrify                  Tmut/Erth      #.......     100%        4    #####..
 Sticky Flame             Conj/Fire      #.......     100%        4    #####..
 Summon Ice Beast         Ice/Summ       #.......     100%        4    #####..
 Summon Lightning Spire   Summ/Air       #.......     100%        4    #####..
 Blade Hands              Tmut           #.........   100%        5    ######.
 Fireball                 Conj/Fire      #.........   100%        5    ######.
 Irradiate                Conj/Tmut      #.........   100%        5    ######.
 Metabolic Englaciation   Hex/Ice        #.........   100%        5    ######.
 Yara's Violent Unravell  Hex/Tmut       #.........   100%        5    ######.
 Bolt of Cold             Conj/Ice       #.........   100%        6    #######
 Freezing Cloud           Conj/Ice/Air   #.........   100%        6    #######
 Hydra Form               Tmut           #.........   100%        6    #######
 Ozocubu's Refrigeration  Ice            #.........   100%        6    #######
 Simulacrum               Ice/Necr       #.........   100%        6    #######
 Statue Form              Tmut/Erth      #........    100%        6    #######
 Dragon Form              Tmut           #.........   100%        7    #######
 Ring of Flames           Chrm/Fire      #.........   100%        7    #######


Dungeon Overview and Level Annotations

Branches:
Dungeon (15/15)            Temple (0/1) D:4            Lair (6/6) D:11
 Shoals (0/4) Lair:4        Snake (4/4) Lair:2        Slime (0/5) Lair:6
    Orc (2/2) D:10            Elf (0/3) Orc:2        Vaults (0/5) D:13
 Depths (0/5) D:15          Sewer (visited)           IceCv (visited)

Altars:
Cheibriados
Elyvilon
Fedhas
Okawaru
Qazlal
Ru
Sif Muna
Vehumet
Xom
The Shining One
Beogh
Jiyva

Shops:
D:4 *   D:6 }}(   D:12 ?   Orc:1 [!   Orc:2 }?[*   Snake:3 ?(((

Portals:
Trove: D:12 (give 12 potions of heal wounds)


Innate Abilities, Weirdness & Mutations

You reflexively headbutt those who attack you in melee.
You have a pair of horns on your head.
You have a somewhat thin skeletal structure. (Dex +2, Stealth)
You are robust. (+10% HP)
Your spells are a little easier to cast, but a little less powerful.


Message History

* * * LOW HITPOINT WARNING * * *
The anaconda constricts you.
The guardian serpent is engulfed in blazing flames.
The guardian serpent coils itself and waves its upper body at you.
You resist with almost no effort.
The anaconda is engulfed in blazing flames.
You block the anaconda's attack.
The guardian serpent coils itself and performs some mystic snake dance.
The shock serpent is engulfed in blazing flames.
The shock serpent bites you.
* * * LOW HITPOINT WARNING * * *
The shock serpent shocks you!
* * * LOW HITPOINT WARNING * * *
The shock serpent's electric aura discharges, shocking you!
* * * LOW HITPOINT WARNING * * *
The shock serpent is engulfed in blazing flames.
The shock serpent bites you.
* * * LOW HITPOINT WARNING * * *
The shock serpent shocks you!
You die...

..##.#)#####'(.#..≈≈≈≈≈≈≈§..#...'
####)))##..)#)##.≈≈≈≈§≈≈§≈§.#####
# #####..))(##..≈≈≈≈≈≈≈≈≈≈..#*#S
# #.)..))(#.§≈≈§≈≈§≈§≈≈≈.##SS #
#.......'.§§≈§≈§§§≈§≈≈S'.SS #
#.......#.≈≈≈§§≈§§§≈§≈§S.SS #
##.....##☼§§≈§§§§≈≈≈≈≈§'SSS
##...###SS§≈§§≈≈§≈§≈S≈##SS #####
##@☼≈§§≈≈≈§§≈S##**,
#SSS☼§§≈≈≈§≈≈# ** ##°S§§§≈≈≈..##
##○SS.....#* ###§...### ######


You could see 3 anacondas, 2 shock serpents and 3 guardian serpents.

Vanquished Creatures
  Saint Roka (Snake:2)
  Nikola (Snake:2)
  Kirke (D:14)
  An orc warlord (Orc:1)
  6 nagarajas (Snake:4)
  A frost giant (IceCv)
  Aizul (Snake:4)
  A stone giant (D:10)
  Azrael (D:15)
  A minotaur (D:11)
  A dire elephant (Lair:6)
  14 naga warriors
  An ogre mage (D:15)
  3 catoblepae (Lair:6)
  2 ice dragons (D:15)
  3 vault guards (D:13)
  A centaur warrior (D:14)
  8 two-headed ogres
  A death knight (D:14)
  6 hydras
  24 anacondas
  3 tengu warriors
  A deep troll shaman (Lair:6)
  18 death yaks
  3 orc high priests (Orc:2)
  7 shock serpents
  14 naga sharpshooters
  A sixfirhy (D:8)
  5 salamander mystics (Snake:4)
  A skeletal warrior (D:14)
  11 naga ritualists
  3 unseen horrors
  A phantasmal warrior (D:14)
  4 lindwurms (Snake:4)
  5 orc sorcerers
  2 deep elf magi
  5 orc knights
  5 cyclopes
  6 salamanders
  10 mana vipers
  2 ugly things
  41 black mambas
  An ice statue (IceCv)
  7 elephants
  Maurice (Orc:1)
  4 guardian serpents
  21 naga magi
  A torpor snail (Lair:3)
  10 spiny frogs
  A gargoyle (D:13)
  5 rime drakes
  2 freezing wraiths
  3 kobold demonologists
  9 komodo dragons
  8 trolls
  15 polar bears (IceCv)
  3 meliai (D:14)
  3 hornets
  4 dream sheep (Lair:6)
  16 hippogriffs
  6 slime creatures (D:13)
  6 blink frogs
  A vampire (D:14)
  3 wraiths
  27 yaks
  A wyvern (D:8)
  6 basilisks
  A fire bat (Lair:2)
  4 fire elementals (D:15)
  A hungry ghost (D:8)
  4 vampire mosquitoes (D:14)
  An acid dragon (D:13)
  34 nagas
  3 hell hounds (D:15)
  6 wargs
  A soldier ant (D:14)
  25 water moccasins
  Purgy (Sewer)
  8 phantoms
  7 porcupines
  28 orc warriors
  3 sky beasts
  An eye of draining (D:13)
  An ice beast (D:9)
  A hornet zombie (D:11)
  15 ogres
  A necrophage (D:6)
  8 black bears
  29 wolves
  7 centaurs
  11 crocodiles
  Blork the orc (D:6)
  4 big kobolds
  14 bullfrogs
  A gnoll sergeant (Orc:2)
  2 wyvern skeletons
  4 scorpions
  11 killer bees
  6 wights
  7 howler monkeys
  5 centaur zombies
  3 crimson imps
  5 lava snakes (Snake:4)
  A quasit (D:12)
  4 hounds
  3 jellies
  34 orc wizards
  19 orc priests
  3 centaur skeletons
  2 iguanas
  Terence (D:3)
  20 worker ants
  6 hell rats (Lair:5)
  3 hound skeletons
  2 worker ant zombies
  7 gnolls
  18 adders
  A shadow imp (D:14)
  3 adder skeletons
  2 adder zombies
  2 worms (D:3)
  A dart slug (D:1)
  8 leopard geckos
  104 orcs
  11 giant cockroaches
  9 goblins
  10 hobgoblins
  6 jackals
  6 quokkas
  2 ball pythons
  11 bats
  5 frilled lizards
  26 kobolds
  A leopard gecko skeleton (D:6)
  6 rats
  A butterfly (D:5)
  28 fungi
  24 plants
1045 creatures vanquished.

Vanquished Creatures (collateral kills)
  A vault guard (D:13)
  An anaconda (Snake:3)
  The ghost of nrm the Protected, a journeyman HaAs of Hepliaklqana (D:11)
  A deep elf mage (D:13)
  An ugly thing (D:11)
  An efreet (D:15)
  2 yaks (D:11)
  A wyvern (D:11)
  A hell hound (D:15)
  3 orc warriors
  A sky beast (D:11)
  A centaur (D:13)
  An orc wizard (D:13)
  An orc (D:13)
17 creatures vanquished.

Vanquished Creatures (others)
  A naga warrior (Snake:4)
  An anaconda (Snake:2)
  A deep elf mage (D:14)
  A black mamba (Snake:2)
  A centaur skeleton (D:14)
  A yak (D:11)
  2 humans (D:15)
  A naga (Snake:3)
  A crimson imp (D:15)
  A hound (D:14)
  A quokka (D:14)
  23 fungi
  12 plants
47 creatures vanquished.

Grand Total: 1109 creatures vanquished

Notes
Turn   | Place    | Note
-------+----------+-------------------------------------------
     0 | D:1      | Dorkslayer the Minotaur Fighter began the quest for the
                  | Orb.
     0 | D:1      | Reached XP level 1. HP: 19/19 MP: 0/0
   143 | D:1      | Reached XP level 2. HP: 27/27 MP: 1/1
   668 | D:2      | Reached XP level 3. HP: 32/34 MP: 2/2
   894 | D:2      | Reached skill level 3 in Axes
   895 | D:2      | Reached XP level 4. HP: 33/41 MP: 3/3
  1235 | D:3      | Found a glowing drain.
  1249 | D:3      | Reached skill level 5 in Fighting
  1268 | Sewer    | Entered a sewer
  1400 | Sewer    | Noticed Purgy
  1412 | Sewer    | Killed Purgy
  1412 | Sewer    | Reached skill level 4 in Axes
  1412 | Sewer    | Reached XP level 5. HP: 37/48 MP: 4/4
  1756 | D:3      | Noticed Terence
  1764 | D:3      | Killed Terence
  1764 | D:3      | Reached XP level 6. HP: 46/56 MP: 5/5
  1914 | D:3      | Found a glowing golden altar of the Shining One.
  1942 | D:3      | Became a worshipper of the Shining One
  2164 | D:3      | Reached skill level 5 in Axes
  2164 | D:3      | Reached skill level 5 in Shields
  2164 | D:3      | Reached skill level 1 in Evocations
  2246 | D:4      | Reached XP level 7. HP: 55/62 MP: 6/6
  2254 | D:4      | Found a staircase to the Ecumenical Temple.
  2274 | D:4      | Found a blossoming altar of Fedhas.
  2328 | D:4      | Found a shimmering blue altar of Sif Muna.
  2404 | D:4      | Found Paicrain's Serpentskin Sales.
  2416 | D:4      | Reached skill level 5 in Armour
  2716 | D:4      | Reached skill level 6 in Axes
  2966 | D:5      | Entered Level 5 of the Dungeon
  2999 | D:5      | Reached * piety under the Shining One
  3008 | D:5      | Reached XP level 8. HP: 57/71 MP: 8/8
  3277 | D:5      | Found a runed translucent door.
  3282 | D:5      | Found a runed translucent door.
  3297 | D:5      | Reached skill level 1 in Throwing
  3311 | D:5      | Reached skill level 7 in Axes
  3315 | D:5      | Reached skill level 1 in Invocations
  3578 | D:5      | Found a shimmering blue altar of Sif Muna.
  3660 | D:6      | Found a shimmering altar of Xom.
  3660 | D:6      | Found a radiant altar of Vehumet.
  3806 | D:6      | Noticed Blork the orc
  3823 | D:6      | Killed Blork the orc
  3823 | D:6      | Reached skill level 8 in Axes
  3893 | D:6      | Reached XP level 9. HP: 48/79 MP: 10/10
  4155 | D:6      | Found Lioshri's Gadget Emporium.
  4158 | D:6      | Found Ywuwox's Distillery.
  4159 | D:6      | Found Sull's Antique Weapon Emporium.
  4160 | D:6      | Found Zoqiqyt's Gadget Emporium.
  4174 | D:6      | Bought a runed broad axe for 210 gold pieces
  4755 | D:7      | Reached skill level 9 in Axes
  5006 | D:7      | Reached ** piety under the Shining One
  5277 | D:8      | Reached skill level 10 in Axes
  5359 | D:8      | Found a stormy altar of Qazlal.
  5382 | D:8      | Reached XP level 10. HP: 83/88 MP: 12/12
  5463 | D:8      | Noticed a sixfirhy
  5581 | D:8      | Found a runed translucent door.
  5596 | D:8      | Killed a sixfirhy
  5596 | D:8      | Reached skill level 5 in Evocations
  5870 | D:8      | Got a steaming ivory ring
  5908 | D:8      | Identified the ring "Laak" {rPois Dex+5} (You found it on
                  | level 8 of the Dungeon)
  6037 | D:8      | Found a snail-covered altar of Cheibriados.
  6048 | D:8      | Found an iron altar of Okawaru.
  6233 | D:8      | Found a sacrificial altar of Ru.
  6327 | D:9      | Noticed a two-headed ogre
  6333 | D:9      | Killed a two-headed ogre
  6333 | D:9      | Reached skill level 11 in Axes
  6333 | D:9      | Reached skill level 5 in Invocations
  6437 | D:9      | Reached *** piety under the Shining One
  6466 | D:9      | Reached skill level 1 in Dodging
  7034 | D:10     | Entered Level 10 of the Dungeon
  7034 | D:10     | Noticed a two-headed ogre
  7039 | D:10     | Killed a two-headed ogre
  7039 | D:10     | Reached XP level 11. HP: 90/95 MP: 14/14
  7265 | D:10     | Found a staircase to the Orcish Mines.
  7363 | Orc:1    | Entered Level 1 of the Orcish Mines
  7363 | Orc:1    | Found Zeja's Distillery.
  7365 | Orc:1    | Reached **** piety under the Shining One
  7367 | Orc:1    | Noticed a two-headed ogre
  7368 | Orc:1    | Noticed Maurice
  7370 | D:10     | Reached skill level 12 in Axes
  7385 | Orc:1    | Noticed a stone giant
  7390 | D:10     | Killed a two-headed ogre
  7719 | D:10     | Found a blossoming altar of Fedhas.
  8242 | D:11     | Noticed a red ugly thing
  8249 | D:11     | Killed a red ugly thing
  8308 | D:11     | Noticed a minotaur
  8316 | D:11     | Noticed nrm's ghost (journeyman HaAs)
  8347 | D:11     | Found a runed translucent gate.
  8347 | D:11     | Found a runed translucent gate.
  8347 | D:11     | Found a runed translucent gate.
  8348 | D:11     | Noticed a red ugly thing
  8352 | D:11     | Found a staircase to the Lair.
  8934 | D:11     | Reached ***** piety under the Shining One
  9234 | D:11     | Killed a minotaur
  9234 | D:11     | Reached skill level 13 in Axes
  9236 | D:11     | Killed a red ugly thing
  9241 | D:11     | Killed nrm's ghost
  9242 | D:11     | Reached XP level 12. HP: 66/104 MP: 16/16
  9454 | D:12     | Found a portal to a secret trove of treasure.
  9476 | D:12     | Noticed a tengu warrior
  9492 | D:12     | Killed a tengu warrior
  9537 | D:12     | Found Cownab Meqe's Magic Scroll Emporium.
  9553 | D:12     | Bought a scroll of magic mapping for 42 gold pieces
  9553 | D:12     | Bought a scroll of magic mapping for 42 gold pieces
  9553 | D:12     | Bought a scroll of enchant armour for 90 gold pieces
  9553 | D:12     | Bought a scroll of enchant weapon for 90 gold pieces
  9553 | D:12     | Bought a scroll of torment for 90 gold pieces
  9553 | D:12     | Bought a scroll of magic mapping for 42 gold pieces
  9553 | D:12     | Bought a scroll of enchant armour for 90 gold pieces
  9553 | D:12     | Bought a scroll of enchant armour for 90 gold pieces
  9727 | D:13     | Noticed a two-headed ogre
  9736 | D:13     | Killed a two-headed ogre
  9894 | D:13     | Noticed a vault guard
  9895 | D:13     | Noticed a vault guard
  9898 | D:13     | Found a gate to the Vaults.
  9899 | D:13     | Noticed a vault guard
  9900 | D:13     | Noticed a vault guard
  9902 | D:13     | Killed a vault guard
  9906 | D:13     | Killed a vault guard
  9908 | D:13     | Reached skill level 14 in Axes
  9908 | D:13     | Killed a vault guard
  9909 | D:13     | Killed a vault guard
  9909 | D:13     | Reached skill level 10 in Fighting
 10247 | D:14     | Noticed a centaur warrior
 10253 | D:14     | Killed a centaur warrior
 10393 | D:14     | Reached XP level 13. HP: 100/113 MP: 18/18
 10489 | D:14     | Reached ****** piety under the Shining One
 10497 | D:14     | Found a white marble altar of Elyvilon.
 10512 | D:14     | Reached skill level 10 in Armour
 10512 | D:14     | Reached skill level 10 in Shields
 10515 | D:14     | Reached skill level 15 in Axes
 11087 | D:15     | Entered Level 15 of the Dungeon
 11108 | D:15     | Noticed Kirke
 11396 | D:14     | Killed Kirke
 11998 | D:15     | Gained mutation: Your body sometimes deteriorates upon
                  | taking damage. [potion of mutation]
 11998 | D:15     | Gained mutation: Your mind is acute. (Int +2) [potion of
                  | mutation]
 11998 | D:15     | Gained mutation: Your flesh is cold resistant. (rC+)
                  | [potion of mutation]
 11999 | D:15     | Lost mutation: Your body sometimes deteriorates upon taking
                  | damage. [potion of mutation]
 11999 | D:15     | Lost mutation: Your mind is acute. (Int +2) [potion of
                  | mutation]
 11999 | D:15     | Lost mutation: Your flesh is cold resistant. (rC+) [potion
                  | of mutation]
 11999 | D:15     | Gained mutation: Your spells are a little easier to cast,
                  | but a little less powerful. [potion of mutation]
 11999 | D:15     | Gained mutation: You have a somewhat thin skeletal
                  | structure. (Dex +2, Stealth) [potion of mutation]
 11999 | D:15     | Gained mutation: You are robust. (+10% HP) [potion of
                  | mutation]
 12161 | D:15     | Noticed Azrael
 12186 | D:15     | Killed Azrael
 12463 | D:15     | Reached XP level 14. HP: 47/136 MP: 20/20
 12716 | D:15     | Found a staircase to the Depths.
 13291 | Orc:1    | Killed Maurice
 13296 | Orc:1    | Noticed an orc warlord
 13303 | D:10     | Killed a stone giant
 13621 | Orc:1    | Killed an orc warlord
 13621 | Orc:1    | Reached skill level 1 in Long Blades
 13622 | Orc:1    | Found Oblyat's Armour Shop.
 13986 | Orc:1    | Bought a potion of degeneration for 15 gold pieces
 14314 | Orc:2    | Entered Level 2 of the Orcish Mines
 14330 | Orc:2    | Found a staircase to the Elven Halls.
 14559 | Orc:2    | Reached skill level 16 in Axes
 14591 | Orc:2    | Found a roughly hewn altar of Beogh.
 14779 | Orc:2    | Reached skill level 10 in Invocations
 14860 | Orc:2    | Found Xetang's General Store.
 14860 | Orc:2    | Found Taisil's Armour Shop.
 14863 | Orc:2    | Found Vissyge's Magic Scroll Shoppe.
 14863 | Orc:2    | Found Omimp's Gadget Shoppe.
 14959 | Orc:2    | Bought a scroll of identify for 30 gold pieces
 14964 | Orc:2    | Bought a scroll of immolation for 59 gold pieces
 14964 | Orc:2    | Bought a scroll of immolation for 59 gold pieces
 14964 | Orc:2    | Bought a scroll of identify for 34 gold pieces
 14968 | Orc:2    | Bought a scroll of identify for 34 gold pieces
 14968 | Orc:2    | Identified a scroll of acquirement
 15246 | Lair:1   | Entered Level 1 of the Lair of Beasts
 16055 | Lair:2   | Noticed Sonja
 16056 | Lair:2   | Noticed Sonja
 16056 | Lair:2   | Sonja changed into Sonja the fire bat
 16063 | Lair:2   | Killed Sonja the fire bat
 16238 | Lair:2   | Found a staircase to the Snake Pit.
 17259 | Lair:4   | Found a frozen archway.
 17265 | IceCv    | Entered an ice cave
 17414 | IceCv    | Identified a +4 broad axe of holy wrath (a +2 broad axe of
                  | venom blessed by the Shining One)
 17414 | IceCv    | Received a gift from the Shining One
 17602 | IceCv    | Reached skill level 10 in Evocations
 17957 | IceCv    | Noticed a frost giant
 17974 | IceCv    | Killed a frost giant
 17974 | IceCv    | Reached XP level 15. HP: 78/146 MP: 19/22
 18103 | Lair:4   | Got a pitted shield
 18114 | Lair:4   | Identified the +10 shield of Itraz {rC+} (You acquired it
                  | on level 4 of the Lair of Beasts)
 18544 | Lair:4   | Found a staircase to the Shoals.
 18856 | Lair:5   | Reached skill level 17 in Axes
 19702 | Lair:6   | Entered Level 6 of the Lair of Beasts
 19746 | Lair:6   | Found the ring of the Mage {Wiz MR++ Int+3}
 20366 | Lair:6   | Found a staircase to the Slime Pits.
 20366 | Lair:6   | Found a viscous altar of Jiyva.
 21026 | Lair:6   | Identified the Almanac of Frigorific Evil
 21661 | Snake:1  | Entered Level 1 of the Snake Pit
 21963 | Snake:1  | Reached XP level 16. HP: 108/158 MP: 23/23
 22457 | Snake:2  | Noticed Saint Roka
 22477 | Snake:2  | Killed Saint Roka
 22767 | Snake:2  | Reached skill level 5 in Throwing
 23160 | Snake:2  | Noticed Nikola
 23184 | Snake:2  | Killed Nikola
 24290 | Snake:3  | Found Zofa's Antique Weapon Shop.
 24292 | Snake:3  | Found Bautoeda's Antique Weapon Shop.
 24292 | Snake:3  | Found Akhilaydy's Magic Scroll Boutique.
 24300 | Snake:3  | Found Ixanadu's Antique Weapon Boutique.
 24343 | Snake:3  | Bought a scroll of enchant armour for 135 gold pieces
 24343 | Snake:3  | Bought a scroll of enchant weapon for 135 gold pieces
 24687 | Snake:3  | Reached skill level 18 in Axes
 24747 | Snake:3  | Reached XP level 17. HP: 137/169 MP: 24/24
 25010 | Snake:4  | Entered Level 4 of the Snake Pit
 25089 | Snake:4  | Noticed Aizul
 25113 | Snake:4  | Killed Aizul
 25678 | Snake:4  | Reached skill level 15 in Fighting
 25736 | Snake:4  | Reached skill level 15 in Shields
 27507 | Snake:4  | Slain by a shock serpent

Levels and vault maps discovered:
D:1:      evilmike_arrival_hilbert_curve, layout_rooms
D:2:      layout_basic, minmay_misc_feat_tower
D:3:      minmay_razor_zed, layout_loops_ring, nicolae_overflow_hidden_temple,
          gup_sewer_entry_glass, uniq_terence
D:4:      layout_basic, kennysheep_mini, lemuel_crystal_altar,
          minmay_temple_entry_arrows, first_ration, guppyfry_shop_venom
D:5:      lemuel_insect_pit, layout_basic, lemuel_blue_sif_altar
D:6:      layout_basic, chequers_temple_overflow_statue_of_worship,
          glass_columns_b, grunt_ministairs_9, minmay_shop_grid_forest,
          minivault_22, uniq_blork_the_orc
D:7:      layout_basic
D:8:      cheibrodos_shockbox, layout_layer_cave, grunt_qazlal_sundering,
          kennysheep_mini_moat, grunt_temple_overflow_open, chequers_garden
D:9:      layout_roguey, serial_curves, eino_curves_02, eino_curves_04
D:10:     layout_roguey, hiddenorc2_lemuel, fedhas_altar_1
D:11:     layout_gridville, david_lair_generic, maelrawn_ghost_gauntlet_escape
D:12:     layout_rooms, enter_trove_3, serial_shops, shop, grunt_tengu_nest,
          kennysheep_windowed_goal
D:13:     layout_cave_pools, lightli_vaults_fourway_checkpoint
D:14:     layout_rooms, elyvilon_altar_4, lemuel_flamethrower_2
D:15:     grunt_enter_depths_hoard, layout_stronghold, grunt_decor_arrowhead,
          uniq_kirke, uniq_azrael
Lair:1:   layout_concentric_octagons, chequers_serial_rivers_large_b
Lair:2:   layout_regular_city, minmay_snake_entry_six_corridors, uniq_sonja
Lair:3:   layout_cave_pods
Lair:4:   layout_concentric_octagons, minmay_shoals_entry_centaurs,
          serial_rivers, chequers_serial_rivers_micro_d,
          chequers_serial_rivers_small_a, chequers_serial_rivers_marsh,
          chequers_serial_rivers_marsh, chequers_serial_rivers_room_a,
          chequers_serial_rivers_room_a, portal_ice_cave_rime
Lair:5:   layout_cave_pods, grunt_forest_stairs_basic, grunt_megastairs_4,
          serial_bayou_shore_b
Lair:6:   grunt_lair_end_beastmaster, layout_long_grid, slime_altar_1,
          grunt_megastairs_2, infiniplex_staircase_pool
Snake:1:  layout_cave_pods, hangedman_snake_wide_pillar_pass
Snake:2:  layout_misc_corridors, nicolae_snake_single_loop, uniq_nikola,
          uniq_saint_roka
Snake:3:  layout_rooms, nicolae_coiled_stairwell_up, minmay_shoptagon
Snake:4:  snake_pit_salamanders_mu, layout_cave_town, nicolae_snake_lava_pool,
          lemuel_fruit_tree, uniq_aizul
Orc:1:    layout_caves, serial_shops, shop,
          nicolae_shop_competitors_out_of_business, uniq_maurice
Orc:2:    st_orc_elflike, layout_diamond_mine, basic_altar

Skill      XL: |  1  2  3  4  5  6  7  8  9 10 11 12 13 14 15 16 17 |
---------------+----------------------------------------------------+-----
Fighting       | 4 5 6 7 8 9 10 11 12 13 14 15 | 15.8
Armour         | 4 5 6 7 8 9 10 11 12 13 | 13.6
Shields        | 4 5 6 7 8 9 10 11 12 14 16 | 16.0
Axes           | 3 4 5 6 8 10 11 13 14 15 16 17 18 | 18.3
Evocations     | 1 2 3 4 6 7 8 9 10 11 | 11.7
Throwing       | 1 2 3 4 5 |  5.2
Invocations    | 2 4 5 6 8 9 10 11 12 | 12.4
Dodging        | 1 2 |  2.1
Long Blades    | 1 3 |  3.6

Action                   |  1- 3 |  4- 6 |  7- 9 | 10-12 | 13-15 | 16-18 || total
-------------------------+-------+-------+-------+-------+-------+-------++-------
Melee: War axe           |    64 |   168 |   157 |       |       |       ||   389
       Headbutt          |     8 |    29 |    38 |    99 |   351 |   176 ||   701
       Broad axe         |       |       |    75 |   406 |   916 |   572 ||  1969
       Unarmed           |       |       |       |       |    17 |       ||    17
       Scimitar          |       |       |       |       |   105 |       ||   105
Throw: Boomerang         |       |     3 |     6 |    64 |    58 |    15 ||   146
       Javelin           |       |       |       |       |    31 |       ||    31
Invok: Divine Shield     |       |       |       |       |     4 |     2 ||     6
       Cleansing Flame   |       |       |       |       |     1 |       ||     1
       Brand Weapon With |       |       |       |       |     1 |       ||     1
Evoke: Wand              |       |     2 |     8 |    24 |    40 |    15 ||    89
       Box of beasts     |       |       |       |     3 |     4 |       ||     7
       Lamp of fire      |       |       |       |     1 |     4 |     3 ||     8
       Lightning rod     |       |       |       |       |    11 |     8 ||    19
       Phial of floods   |       |       |       |       |       |     2 ||     2
  Use: Scroll            |       |     3 |     7 |    10 |    21 |     8 ||    49
       Potion            |       |       |       |     1 |    10 |     5 ||    16
  Eat: Chunk             |       |     4 |     8 |    10 |    14 |     3 ||    39
       Ration            |       |     1 |       |     2 |     7 |     5 ||    15
Armor: Scale mail        |    18 |       |       |       |       |       ||    18
       Plate armour      |    22 |   118 |   113 |   182 |   301 |   128 ||   864
Dodge: Dodged            |    23 |    25 |    55 |   152 |   247 |   135 ||   637
Block: Shield            |    34 |   113 |   134 |   272 |   762 |   682 ||  1997
       Rpst.: Scimitar   |       |       |       |       |     6 |       ||     6

Table legend:
 A = Non-vault XP
 B = Vault XP
 C = Vault XP percentage of total XP
 D = Non-vault monster count
 E = Vault monster count
 F = Vault count percentage of total count
                 A         B        C        D         E       F
            +---------+---------+-------+---------+---------+-------
      Total |  167483 |  114575 |  40.6 |     697 |     316 |  31.2
            +---------+---------+-------+---------+---------+-------
        D:1 |      30 |       0 |   0.0 |      18 |       0 |   0.0
        D:2 |      87 |       0 |   0.0 |      17 |       0 |   0.0
        D:3 |     265 |      77 |  22.5 |      21 |      17 |  44.7
        D:4 |     636 |     151 |  19.2 |      15 |       1 |   6.2
        D:5 |     385 |     368 |  48.9 |       8 |      12 |  60.0
        D:6 |     690 |     224 |  24.5 |      17 |       2 |  10.5
        D:7 |    1989 |       0 |   0.0 |      37 |       0 |   0.0
        D:8 |    1963 |     780 |  28.4 |      30 |       1 |   3.2
        D:9 |    3116 |       0 |   0.0 |      39 |       0 |   0.0
       D:10 |    5549 |     316 |   5.4 |      34 |      32 |  48.5
       D:11 |    3205 |    3228 |  50.2 |      34 |       9 |  20.9
       D:12 |    1349 |     937 |  41.0 |      12 |       2 |  14.3
       D:13 |    6624 |    4643 |  41.2 |      37 |      12 |  24.5
       D:14 |   14573 |    2167 |  12.9 |      47 |       1 |   2.1
       D:15 |   10697 |    4310 |  28.7 |      27 |      11 |  28.9
     Lair:1 |    1556 |       0 |   0.0 |       6 |       0 |   0.0
     Lair:2 |    2419 |     869 |  26.4 |      13 |      12 |  48.0
     Lair:3 |    2929 |       0 |   0.0 |      14 |       0 |   0.0
     Lair:4 |    4037 |     964 |  19.3 |      18 |       4 |  18.2
     Lair:5 |    8242 |     203 |   2.4 |      19 |       6 |  24.0
     Lair:6 |   16580 |   13776 |  45.4 |      40 |      26 |  39.4
    Snake:1 |   12711 |       0 |   0.0 |      26 |       0 |   0.0
    Snake:2 |   18715 |   10730 |  36.4 |      33 |      16 |  32.7
    Snake:3 |   28774 |     850 |   2.9 |      54 |       1 |   1.8
    Snake:4 |   15623 |   47784 |  75.4 |      30 |      66 |  68.8
      Orc:1 |    3643 |     439 |  10.8 |      37 |       1 |   2.6
      Orc:2 |    1096 |    8342 |  88.4 |      14 |      25 |  64.1
      Sewer |       0 |     146 | 100.0 |       0 |       6 | 100.0
      IceCv |       0 |   13271 | 100.0 |       0 |      53 | 100.0
            +---------+---------+-------+---------+---------+-------
